 Dungeon Crawl Stone Soup version 0.28.0-43-g3370ac3207 (webtiles) character file.

Game seed: 13247611653466417155

56 Ablot the Grasshopper (level 3, 0/31 HPs)
             Began as a Gnoll Warper on Mar 6, 2022.
             Slain by a goblin
             ... wielding a +0 club
             ... led by Robin
              (2 damage)
             ... on level 2 of the Dungeon.
             The game lasted 00:02:03 (2137 turns).

Ablot the Grasshopper (Gnoll Warper)                Turns: 2137, Time: 00:02:03

Health: 0/31       AC:  3    Str: 12    XL:     3   Next: 95%
Magic:  7/9        EV: 12    Int: 12    God:
Gold:   39         SH:  0    Dex: 11    Spells: 9/12 levels left

rFire   . . .      SeeInvis .   a - +0 spear
rCold   . . .      Faith    .   (no shield)
rNeg    . . .      Spirit   .   b - +0 leather armour
rPois   .          Reflect  .   (no helmet)
rElec   .          Harm     .   (no cloak)
rCorr   +          Rampage  .   (no gloves)
Will    .....                   (no boots)
Stlth   +.........              (no amulet)
HPRegen 0.10/turn               l - ring of resist corrosion
MPRegen 0.11/turn               (no ring)

@: no status effects
A: fangs 1, strong nose, distributed training
a: no special abilities


You were on level 2 of the Dungeon.
You visited 1 branch of the dungeon, and saw 3 of its levels.

You collected 39 gold pieces.

Inventory:

Hand Weapons
 a - a +0 spear (weapon)
Missiles
 d - 5 boomerangs of dispersal (quivered)
 f - 49 stones
 m - 17 sling bullets
Armour
 b - a +0 leather armour (worn)
Jewellery
 l - a ring of resist corrosion (left hand)
Scrolls
 c - a scroll of blinking
 g - a scroll of immolation
 k - 2 scrolls of teleportation {unknown}
Potions
 e - a potion of mutation {unknown}
 h - 2 potions of might {unknown}
 i - a potion of heal wounds {unknown}
 j - a potion of lignification {unknown}
 n - a potion of haste {unknown}
 o - a potion of degeneration {unknown}


   Skills:
 + Level 4.6 Fighting
 + Level 1.0 Short Blades
 + Level 1.0 Long Blades
 + Level 1.0 Axes
 + Level 1.0 Maces & Flails
 + Level 4.6 Polearms
 + Level 1.0 Staves
 + Level 1.0 Slings
 + Level 1.0 Bows
 + Level 1.0 Crossbows
 + Level 2.6 Throwing
 + Level 2.6 Armour
 + Level 4.6 Dodging
 + Level 1.0 Stealth
 + Level 1.0 Shields
 + Level 1.0 Unarmed Combat
 + Level 5.0 Spellcasting
 + Level 0.7 Conjurations
 + Level 0.7 Hexes
 + Level 0.7 Summonings
 + Level 0.7 Necromancy
 + Level 5.4 Translocations
 + Level 0.7 Transmutations
 + Level 0.7 Fire Magic
 + Level 0.7 Ice Magic
 + Level 0.7 Air Magic
 + Level 0.7 Earth Magic
 + Level 0.7 Poison Magic
 + Level 1.0 Invocations
 + Level 1.0 Evocations


You had 9 spell levels left.
You knew the following spells:

 Your Spells              Type           Power      Damage    Failure   Level
a - Blink                 Tloc           32%        N/A       4%          2
b - Sting                 Tmut/Pois      16%        1d3       19%         1

Your spell library contained the following spells:

 Spells                   Type           Power      Damage    Failure   Level
 Gell's Gravitas          Tloc           16%        N/A       9%          3
 Lesser Beckoning         Tloc           16%        N/A       9%          3
 Teleport Other           Tloc           16%        N/A       9%          3
 Poisonous Vapours        Pois/Air       8%         N/A       28%         2
 Manifold Assault         Tloc           16%        N/A       58%         5
 Olgreb's Toxic Radiance  Pois           4%         N/A       88%         4


Dungeon Overview and Level Annotations

Branches:
Dungeon (3/15)

Altars:

Shops:
D:1 !   D:2 ?

Annotations:
D:2 Robin


Innate Abilities, Weirdness & Mutations

You have very sharp teeth.
Your uncanny sense of smell can sniff out nearby items.
Your experience applies equally to all skills.


Message History

Things that are here:
a +0 dagger; a goblin corpse You see here a +0 club.
You start resting.
HP restored.
Things that are here:
a +0 dagger; a goblin skeleton
Things that are here:
a +0 dagger; a goblin skeleton
There is a stone staircase leading down here.
You climb downwards.
Level annotation: Robin The goblin closely misses you.
The goblin hits you with a +0 club. The frilled lizard bites you.
The goblin hits you with a +0 club. The orc hits you with a +0 flail.
Robin says, "A pitiful Gnoll like you will never find the ORB!"
There is a stone staircase leading up here.
The hobgoblin shouts!
The goblin barely misses you. The goblin hits you with a +0 club.
The orc misses you.
The frilled lizard bites you but does no damage.
The goblin hits you but does no damage. Robin throws the goblin at you!
You climb upwards.
There is a stone staircase leading down here.
Cast which spell? (? or * to list)
You blink.
The goblin hits you with a +0 club. x2
Robin says, "My goblins will feast on your bones."
Robin throws the goblin at you! The goblin hits you with a +0 club.
* * * LOW HITPOINT WARNING * * *
You closely miss the goblin. Your bite misses the goblin.
Robin throws the goblin at you!
* * * LOW HITPOINT WARNING * * *
The goblin hits you with a +0 club.
* * * LOW HITPOINT WARNING * * *
The goblin hits you with a +0 club.
* * * LOW HITPOINT WARNING * * *
The goblin hits you but does no damage.
You feel stable enough to blink again. The goblin hits you with a +0 club.
You die...

###.#.# #....... #.#.#.#####
#.#####. #)).......#
#########..#.... ## ###.#.......#
#.......##.#.##[ .###...#)...)..#
#.#####.##.#.##. .....###>...ogl#
#.....#.##.#..+.
..#...########g#######.#....#.##.
.........# #.).g......######.##.
.......#.####..g@......# #.......
..##..................## #.######
......##.###..........####.#####.
.####.##..............#....#.....
......................#.#......>#
..####................#.#.##.##..
..# ##..................#....###.
..# #.................###..#.#...
..###........................#.##


You could see Robin, an orc, 3 goblins and a frilled lizard.

Vanquished Creatures
  2 adders (D:2)
  3 bats
  2 endoplasms (D:1)
  3 giant cockroaches (D:2)
  5 goblins
  6 hobgoblins
  2 quokkas
  4 ball pythons
  3 kobolds (D:1)
  6 rats (D:1)
36 creatures vanquished.

Notes
Turn   | Place    | Note
-------+----------+-------------------------------------------
     0 | D:1      | Ablot the Gnoll Warper began the quest for the Orb.
     0 | D:1      | Reached XP level 1. HP: 20/20 MP: 6/6
    59 | D:1      | Found Wunkour's Distillery.
   142 | D:1      | Reached XP level 2. HP: 22/26 MP: 7/7
   145 | D:1      | Learned a level 2 spell: Blink
   335 | D:1      | Found a faded altar of an unknown god.
   717 | D:1      | Reached XP level 3. HP: 26/31 MP: 9/9
  1116 | D:2      | Reached skill level 5 in Spellcasting
  1177 | D:2      | Found Ydelud's Magic Scroll Boutique.
  1180 | D:2      | Learned a level 1 spell: Sting
  1308 | D:2      | Reached skill level 1 in Invocations
  1617 | D:2      | Reached skill level 1 in Short Blades
  1617 | D:2      | Reached skill level 1 in Long Blades
  1617 | D:2      | Reached skill level 1 in Axes
  1617 | D:2      | Reached skill level 1 in Maces & Flails
  1617 | D:2      | Reached skill level 1 in Staves
  1617 | D:2      | Reached skill level 1 in Slings
  1617 | D:2      | Reached skill level 1 in Bows
  1617 | D:2      | Reached skill level 1 in Crossbows
  1617 | D:2      | Reached skill level 1 in Stealth
  1617 | D:2      | Reached skill level 1 in Shields
  1617 | D:2      | Reached skill level 1 in Unarmed Combat
  1617 | D:2      | Reached skill level 1 in Evocations
  1851 | D:3      | Noticed Robin
  2137 | D:2      | Slain by a goblin

Illustrated notes

Levels and vault maps discovered:
D:1:      elethiomel_arrival_quiet, layout_basic,
          hellmonk_ecumenical_altar_blasted, serial_shops, shop
D:2:      layout_basic, serial_shops, shop
D:3:      layout_rooms, ebering_ghost_reflecting_pool, uniq_natasha,
          uniq_crazy_yiuf_cottage, uniq_robin

Skill      XL: |  1  2  3 |
---------------+----------+-----
Spellcasting   | 5 |  5.0
Invocations    | 1 |  1.0
Short Blades   | 1 |  1.0
Long Blades    | 1 |  1.0
Axes           | 1 |  1.0
Maces & Flails | 1 |  1.0
Staves         | 1 |  1.0
Slings         | 1 |  1.0
Bows           | 1 |  1.0
Crossbows      | 1 |  1.0
Stealth        | 1 |  1.0
Shields        | 1 |  1.0
Unarmed Combat | 1 |  1.0
Evocations     | 1 |  1.0
Fighting       | |  4.6
Polearms       | |  4.6
Throwing       | |  2.6
Armour         | |  2.6
Dodging        | |  4.6
Conjurations   | |  0.7
Hexes          | |  0.7
Summonings     | |  0.7
Necromancy     | |  0.7
Translocations | |  5.4
Transmutations | |  0.7
Fire Magic     | |  0.7
Ice Magic      | |  0.7
Air Magic      | |  0.7
Earth Magic    | |  0.7
Poison Magic   | |  0.7

Action                   || total
-------------------------++-------
Melee: Spear             ||   136
       Bite              ||     9
       Punch             ||     2
 Cast: Blink             ||     1
 Stab: Sleeping          ||     1
Armor: Leather armour    ||    33
Dodge: Dodged            ||    91
